 Seeded DCSS version 0.32-a0-913-g739538afd8 (webtiles) character file.

Game seed: 17047034582663869622 (custom seed)

515 bronco the Firebug (level 7, -1/50 HPs)
             Began as a Mountain Dwarf Fire Elementalist on Apr 10, 2024.
             Succumbed to their own poison gas
             ... on level 4 of the Dungeon.
             The game lasted 00:11:56 (3224 turns).

bronco the Firebug (MDFE)                           Turns: 3224, Time: 00:11:56

Health: -1/50      AC:  8    Str: 16      XL:     7   Next: 0%
Magic:  13/13      EV:  6    Int: 18      God:
Gold:   305        SH:  6    Dex:  9 (10) Spells: 8/14 levels left

rFire   . . .        b - +0 morningstar
rCold   . . .        c - +0 kite shield
rNeg    . . .        o - +0 scale mail
rPois   .            z - +0 helmet
rElec   .            i - +0 cloak
rCorr   .            (no gloves)
SInv    .            (no boots)
Will    .....        (no amulet) Stlth
                     n - +6 ring of strength
HPRegen 0.28/turn    l - ring of wizardry
MPRegen 0.13/turn

%: wizardry (x1)
@: lethally poisoned (-1 -> -16)
A: runic magic, artefact enchanting, hooves 1, MP-powered wands
a: no special abilities


You were on level 4 of the Dungeon.
You visited 1 branch of the dungeon, and saw 4 of its levels.

You collected 305 gold pieces.

Inventory:

Hand Weapons
 a - a +0 dagger of venom
 b - a +0 morningstar (weapon)
Missiles
 h - 45 stones
 u - 2 silver javelins
 w - 8 poisoned darts
Armour
 c - a +0 kite shield (worn)
 f - a +0 robe
 i - a +0 cloak (worn)
 j - a +0 ring mail
 o - a +0 scale mail (worn)
 y - an orb of light
 z - a +0 helmet (worn)
 B - a +0 chain mail
Jewellery
 l - a ring of wizardry (right hand)
 n - a +6 ring of strength (left hand)
 p - a ring of resist corrosion
 r - a +6 ring of intelligence
 t - a +6 ring of dexterity
Wands
 x - a wand of flame (13)
Scrolls
 g - 4 scrolls of identify {unknown}
Potions
 k - 2 potions of magic
 s - a potion of mutation
 A - a potion of cancellation


   Skills:
 - Level 1.3 Dodging
 - Level 1.4 Stealth
 + Level 4.2 Spellcasting
 - Level 0.8 Conjurations
 - Level 7.7 Fire Magic


You had 8 spell levels left.
You knew the following spells:

 Your Spells              Type           Power      Damage    Failure   Level
a - Foxfire               Conj/Fire      76%        2x1d7     4%          1
b - Scorch                Fire           62%        2d7       1%          2
c - Volatile Blastmotes   Fire/Tloc      34%        2d12      16%         3

Your spell library contained the following spells:

 Spells                   Type           Power      Damage    Failure   Level
 Inner Flame              Hex/Fire       17%        N/A       16%         3
 Magic Dart               Conj           24%        1d4       19%         1
 Blink                    Tloc           6%         N/A       38%         2
 Call Imp                 Summ           6%         N/A       38%         2
 Ensorcelled Hibernation  Hex/Ice        6%         N/A       38%         2
 Flame Wave               Conj/Fire      19%        2d7       41%         4
 Fugue of the Fallen      Necr           3%         N/A       61%         3
 Anguish                  Hex/Necr       1%         N/A       93%         4


Dungeon Overview and Level Annotations

Branches:
Dungeon (4/15)
 Temple: D:4-7

Altars:
Dithmenos
Yredelemnul

Annotations:
D:3 1 runed translucent door, Crazy Yiuf
D:4 Eustachio


Innate Abilities, Weirdness & Mutations

Your spellcasting is much less encumbered by armour.
You can use scrolls of enchantment on lesser artefacts.
You have large cloven feet.
You expend magic power (3 MP) to strengthen your wands.


Message History

The rat bites you but does no damage. You block the quokka's attack.
The rat bites you.
You closely miss the rat. The quokka bites you. The rat closely misses you.
You block the quokka's attack.
Unknown command.
Unknown command.
You puncture the rat!
You kill the rat!
The rat's corpse disappears in a puff of smoke!
You block the quokka's attack. x2
Eustachio mumbles some strange words.
Eustachio blinks!
The quokka attacks as it pursues you!
The quokka bites you but does no damage.
You closely miss Eustachio. The quokka barely misses you.
Eustachio hits you with a +0 rapier.
* * * LOW HITPOINT WARNING * * *
The quokka barely misses you.
Eustachio casts a spell.
Okay, then.
It was a potion of mutation.
You feel extremely strange.
Your feet thicken and deform.
You feel your magical essence link to the dungeon's wands.
The quokka barely misses you. You block Eustachio's attack.
The quokka bites you but does no damage.
It was a potion of cancellation.
You feel magically purged.
The quokka bites you but does no damage.
Eustachio hits you but does no damage.
The air fills with toxic fumes!
As you read the scroll labelled IWKIUKHL LEOR, it crumbles to dust.
It was a scroll of poison.
You block the quokka's attack. Eustachio barely misses you.
Blink to where?
Press: ? - help, Dir - move target
As you read the scroll labelled ZEHAHA NARU, it crumbles to dust.
It was a scroll of blinking.
You are engulfed in poison gas.
You are lethally poisoned!
* * * LOW HITPOINT WARNING * * *
x2 You feel very sick.
You die...

#.........#.#...#
#..########.#.### #
#.....# #.#.###
....###.#.# #.#.†.#
........#+#####.###.#
....####.....##.....#
.. #.....########
#.....# #..@..#
##§#########
#§§5.@r5..#
#########.# #÷#
..##############.#
.......>r.@......#
..#####.########## ##
#######.####


There were no monsters in sight!

Vanquished Creatures
  Grinder (D:3)
  Sigmund (D:3)
  A hound (D:4)
  Terence (D:3)
  Robin (D:2)
  An adder (D:2)
  A ribbon worm (D:2)
  10 orcs (D:4)
  3 endoplasms
  3 giant cockroaches
  13 goblins
  11 hobgoblins
  2 jackals (D:1)
  7 kobolds
  2 quokkas
  3 ball pythons
  4 bats
  A frilled lizard (D:3)
  4 rats
70 creatures vanquished.

Vanquished Creatures (others)
  90 foxfires
90 creatures vanquished.

Grand Total: 160 creatures vanquished

Notes
Turn   | Place    | Note
-------+----------+-------------------------------------------
     0 | D:1      | bronco the Mountain Dwarf Fire Elementalist began the quest
                  | for the Orb.
     0 | D:1      | Reached XP level 1. HP: 14/14 MP: 3/3
   275 | D:1      | Reached skill level 4 in Fire Magic
   406 | D:1      | Reached XP level 2. HP: 20/20 MP: 2/4
   548 | D:1      | Found a faded altar of an unknown god.
  1024 | D:2      | Learned a level 2 spell: Scorch
  1050 | D:2      | Reached skill level 5 in Fire Magic
  1119 | D:2      | You fall into a shaft and drop 1 floor!
  1119 | D:3      | Found a shadowy altar of Dithmenos.
  1165 | D:3      | Noticed Sigmund
  1180 | D:3      | Reached XP level 3. HP: 22/26 MP: 2/5
  1223 | D:3      | Killed Sigmund
  1224 | D:3      | Reached skill level 7 in Fire Magic
  1224 | D:3      | Reached XP level 4. HP: 33/33 MP: 1/6
  1224 | D:3      | Reached XP level 5. HP: 38/38 MP: 1/7
  1825 | D:2      | Learned a level 3 spell: Volatile Blastmotes
  1827 | D:3      | Noticed Robin
  2032 | D:2      | Killed Robin
  2218 | D:3      | Noticed Grinder
  2234 | D:3      | Paralysed by Grinder for 4 turns
  2249 | D:3      | Killed Grinder
  2250 | D:3      | Reached XP level 6. HP: 35/45 MP: 0/11
  2419 | D:3      | Noticed Terence
  2442 | D:3      | Killed Terence
  2593 | D:3      | Found a basalt altar of Yredelemnul.
  2695 | D:3      | Found a runed translucent door.
  2696 | D:3      | Noticed Crazy Yiuf
  3099 | D:4      | Noticed Eustachio
  3113 | D:4      | Reached XP level 7. HP: 50/50 MP: 7/13
  3220 | D:4      | Gained mutation: You have large cloven feet. [potion of
                  | mutation]
  3220 | D:4      | Gained mutation: You expend magic power (3 MP) to
                  | strengthen your wands. [potion of mutation]
  3224 | D:4      | Succumbed to their own poison gas

Illustrated notes

Levels and vault maps discovered:
D:1:      hellmonk_arrival_library, layout_basic,
          shapermc_ecumenical_altar_totnotflames
D:2:      layout_rooms, st_stairs_2
D:3:      layout_rooms, mainiacjoe_overflow_surrounded_room, lemuel_round_altar,
          uniq_grinder, uniq_sigmund, uniq_robin, uniq_crazy_yiuf_cottage,
          uniq_terence
D:4:      layout_basic, uniq_eustachio, uniq_menkaure

Skill      XL: |  1  2  3  4  5  6 |
---------------+-------------------+-----
Fire Magic     | 4 5 7 |  7.7
Spellcasting   | 3 4 |  4.2
Dodging        | |  1.3
Stealth        | |  1.4
Conjurations   | |  0.8

Action                     |  1- 3 |  4- 6 |  7- 9 || total
---------------------------+-------+-------+-------++-------
  Melee: Dagger            |    24 |    64 |       ||    88
         Morningstar       |       |     1 |    29 ||    30
   Fire: Arbalest          |    27 |    16 |       ||    43
   Cast: Foxfire           |    21 |    35 |       ||    56
         Scorch            |     2 |    12 |     2 ||    16
         Volatile Blastmot |       |       |     1 ||     1
    Use: Potion            |       |     2 |     3 ||     5
         Scroll            |       |       |     2 ||     2
 Armour: Ring mail         |    26 |     7 |       ||    33
         Scale mail        |       |    87 |    98 ||   185
  Dodge: Dodged            |    19 |    31 |    35 ||    85
  Block: Kite shield       |       |     8 |    23 ||    31

Table legend: (Time is in decaauts)
 A = Elapsed time spent in this place.
 B = Non-inter-level travel time spent in this place.
 C = Inter-level travel time spent in this place.
 D = Time resting spent in this place.
 E = Time spent auto-exploring this place.
 F = Levels seen in this place.
 G = Mean time per level.
                   A        B        C        D        E       F      G
               +--------+--------+--------+--------+--------+-----+--------+
         Total |   3298 |   3155 |    143 |    540 |   1866 |   4 |  824.5 |
       Dungeon |   3298 |   3155 |    143 |    540 |   1866 |   4 |  824.5 |
               +--------+--------+--------+--------+--------+-----+--------+

Top non-repeatable levels by time:
     D:3: 999 daAuts
     D:1: 976 daAuts
     D:2: 897 daAuts
     D:4: 425 daAuts
